 Dungeon Crawl Stone Soup version 0.30-a0-918-g0ff054e9dc (webtiles) character file.

Game seed: 5672448022233124220

306 NotreDorf the Poker (level 6, -2/48 HPs)
             Began as a Merfolk Reaver on Mar 20, 2023.
             Killed by divine providence
             ... invoked by an orc priest
              (12 damage)
             ... on level 4 of the Dungeon.
             The game lasted 00:13:27 (3116 turns).

NotreDorf the Poker (Merfolk Reaver)                Turns: 3116, Time: 00:13:27

Health: -2/48      AC:  6    Str: 12    XL:     6   Next: 39%
Magic:  11/11      EV: 13    Int: 13    God:
Gold:   114        SH:  0    Dex: 14    Spells: 10/11 levels left

rFire   . . .      SeeInvis +    A - +0 trident
rCold   . . .      Faith    .    (no shield)
rNeg    . . .      Spirit   .    b - +0 leather armour
rPois   .          Reflect  .    (no helmet)
rElec   .          Rampage  .    (no cloak)
rCorr   .                        (no gloves)
Will    .....                    m - +2 pair of boots
Stlth   +                        g - amulet of regeneration
HPRegen 1.08/turn                o - ring of see invisible
MPRegen 0.12/turn                (no ring)

@: lethally poisoned (-2 -> -3), invisible
A: (nimble swimmer 2), mertail
a: no special abilities


You were on level 4 of the Dungeon.
You visited 1 branch of the dungeon, and saw 4 of its levels.
You also visited: Sewer.

You collected 114 gold pieces.

Inventory:

Hand Weapons
 j - a +2 short sword of speed
 A - a +0 trident (weapon)
Missiles
 p - a throwing net
Armour
 b - a +0 leather armour (worn)
 m - a +2 pair of boots (worn)
Jewellery
 g - an amulet of regeneration (around neck)
 o - a ring of see invisible (left hand)
Wands
 l - a wand of roots (6)
Scrolls
 d - a scroll of noise {unknown}
 f - 2 scrolls of teleportation {unknown}
 h - a scroll of blinking {unknown}
 k - 2 scrolls of immolation {unknown}
 n - a scroll of brand weapon {unknown}
 r - a scroll of enchant armour {unknown}
 v - 2 scrolls of identify {unknown}
 y - a scroll of enchant weapon {unknown}
 z - a scroll of magic mapping {unknown}
Potions
 e - a potion of resistance {unknown}
 i - 6 potions of curing {unknown}
 s - 2 potions of heal wounds {unknown}
 t - 2 potions of attraction {unknown}
 u - 6 potions of haste {unknown}
 x - 2 potions of degeneration {unknown}


   Skills:
 + Level 4.0 Fighting
 + Level 5.7 Polearms
 + Level 4.9 Dodging
 + Level 3.3 Spellcasting
 - Level 2.4 Conjurations


You had 10 spell levels left.
You knew the following spells:

 Your Spells              Type           Power      Damage    Failure   Level
a - Kiss of Death         Conj/Necr      20%        2d7       17%         1

Your spell library contained the following spells:

 Spells                   Type           Power      Damage    Failure   Level
 Momentum Strike          Conj/Tloc      10%        3d8       26%         2
 Slow                     Hex            8%         N/A       28%         1
 Hailstorm                Conj/Ice       5%         3d4       45%         3
 Confusing Touch          Hex            2%         N/A       63%         3
 Gell's Gravitas          Tloc           2%         N/A       63%         3
 Teleport Other           Tloc           2%         N/A       63%         3
 Vampiric Draining        Necr           2%         2d6       63%         3
 Dispersal                Tloc           1%         N/A       100%        6


Dungeon Overview and Level Annotations

Branches:
Dungeon (4/15)              Sewer (visited)
 Temple: D:4-7

Altars:
Hepliaklqana
Trog

Annotations:
D:3 3 runed translucent doors, Juicyj's ghost, amateur MiGl


Innate Abilities, Weirdness & Mutations

((You are very nimble when in or above water. (Stealth+, EV+, Speed+++)))
Your lower body shifts to a powerful aquatic tail in water.


Message History

The scorpion barely misses you.
The orc priest hits you with a +0 short sword.
You hit the orc priest but do no damage.
The orc priest is moderately wounded.
You feel sick. The scorpion completely misses you.
The orc priest closely misses you.
You closely miss the orc priest.
The orc priest is moderately wounded.
You feel sick. The scorpion completely misses you.
The orc priest hits you but does no damage.
The scorpion stings you but does no damage.
You hit the orc priest.
The orc priest is severely wounded.
You feel sick.
The orc priest hits you with a +0 dagger.
The scorpion misses you. The orc priest misses you.
You hit the orc priest but do no damage.
The orc priest is severely wounded.
You feel sick. The scorpion barely misses you.
The orc priest hits you but does no damage. x2
You closely miss the orc priest.
The orc priest is severely wounded.
You feel sick. The scorpion closely misses you.
The orc priest closely misses you.
The orc priest calls down the wrath of Beogh upon you.
Pain shoots through your body!
You hit the orc priest but do no damage.
The orc priest is severely wounded.
You feel sick.
The scorpion stings you but does no damage.
The orc priest barely misses you.
The orc priest calls down the wrath of Beogh upon you.
Beogh smites you!
* * * LOW HITPOINT WARNING * * *
Okay, then.
You fade into invisibility!
You feel sick. The scorpion closely misses you.
The orc priest invokes the aid of Beogh against you.
Beogh smites you!
You die...

...... ......
......#######
.o.o........#
............#
...o.)......#
..........
.....
#...........
......
#...........
#####..
#...........
###
####+###+###


You could see a scorpion (unable to see you) and 2 orc priests.

Vanquished Creatures
  2 kobold brigands (Sewer)
  4 adders
  2 river rats (D:3)
  3 worms
  A dart slug (D:3)
  8 orcs
  8 endoplasms
  4 giant cockroaches
  3 hobgoblins
  10 jackals
  15 kobolds
  4 quokkas
  5 ball pythons
  5 bats (D:2)
  A frilled lizard (D:1)
  5 goblins
  6 rats
86 creatures vanquished.

Notes
Turn   | Place    | Note
-------+----------+-------------------------------------------
     0 | D:1      | NotreDorf the Merfolk Reaver began the quest for the Orb.
     0 | D:1      | Reached XP level 1. HP: 16/16 MP: 3/3
   289 | D:1      | Reached XP level 2. HP: 16/23 MP: 5/5
   734 | D:1      | Reached XP level 3. HP: 28/28 MP: 6/6
  1017 | D:2      | Found a faded altar of an unknown god.
  1715 | D:3      | Reached XP level 4. HP: 24/35 MP: 7/7
  1930 | D:3      | Found a glowing drain.
  1940 | Sewer    | Entered a sewer
  1989 | Sewer    | Noticed a kobold brigand
  2020 | Sewer    | Killed a kobold brigand
  2021 | Sewer    | Reached skill level 5 in Polearms
  2021 | Sewer    | Reached XP level 5. HP: 39/41 MP: 9/9
  2083 | Sewer    | Noticed a kobold brigand
  2110 | Sewer    | Killed a kobold brigand
  2111 | Sewer    | Reached XP level 6. HP: 47/48 MP: 10/10
  2345 | D:3      | Found a runed translucent gate.
  2346 | D:3      | Found a runed translucent gate.
  2346 | D:3      | Found a runed translucent gate.
  2349 | D:3      | Noticed Juicyj's ghost (amateur MiGl)
  2703 | D:3      | Found a hazy altar of Hepliaklqana.
  2800 | D:3      | Found a bloodstained altar of Trog.
  3116 | D:4      | Killed from afar by an orc priest

Illustrated notes

Levels and vault maps discovered:
D:1:      saegor_arrival_simple_c, layout_loops_corners, st_stairs_8,
          minivault_25
D:2:      layout_basic, shapermc_ecumenical_altar_flowoftime,
          chequers_serial_rivers_large_a, kennysheep_generic_room_11
D:3:      layout_basic, nzn_hepliaklqana_mist_gate,
          mainiacjoe_overflow_alcove_4, ebering_ghost_rock_garden,
          gup_sewer_entry_bubbles, nicolae_concentric_dashed_squares_mild
D:4:      layout_gridville, mainiacjoe_overflow_paths,
          hellmonk_ghost_happy_afterlife, serial_shops, nicolae_shop_stone

Skill      XL: |  1  2  3  4  5  6 |
---------------+-------------------+-----
Dodging        | 3 4 |  4.9
Fighting       | 3 4 |  4.0
Polearms       | 5 |  5.7
Spellcasting   | 3 |  3.3
Conjurations   | |  2.4

Action                     |  1- 3 |  4- 6 || total
---------------------------+-------+-------++-------
  Melee: Spear             |   153 |   247 ||   400
         Tailslap          |       |    11 ||    11
         Punch             |       |     4 ||     4
         Trident           |       |    32 ||    32
    Use: Potion            |       |     1 ||     1
   Stab: Sleeping          |     1 |     2 ||     3
 Armour: Leather armour    |    48 |    44 ||    92
  Dodge: Dodged            |    78 |   140 ||   218

Table legend: (Time is in decaauts)
 A = Elapsed time spent in this place.
 B = Non-inter-level travel time spent in this place.
 C = Inter-level travel time spent in this place.
 D = Time resting spent in this place.
 E = Time spent auto-exploring this place.
 F = Levels seen in this place.
 G = Mean time per level.
                   A        B        C        D        E       F      G
               +--------+--------+--------+--------+--------+-----+--------+
         Total |   2966 |   2874 |     92 |      7 |   2127 |   5 |  593.2 |
       Dungeon |   2705 |   2613 |     92 |      0 |   2040 |   4 |  676.2 |
         Sewer |    261 |    261 |      0 |      7 |     87 |   1 |  261.0 |
               +--------+--------+--------+--------+--------+-----+--------+

Top non-repeatable levels by time:
     D:3: 1068 daAuts
     D:1: 913 daAuts
     D:2: 670 daAuts
   Sewer: 261 daAuts
     D:4: 54 daAuts
